 Dungeon Crawl Stone Soup version 0.32-a0-656-g3542139ebd (webtiles) character file.

Game seed: 12567972464239664280

17743 mdonais the Warrior (level 12, -1/148 HPs)
             Began as an Oni Wanderer on Mar 8, 2024.
             Was a High Priest of Makhleb.
             Slain by a blink frog (5 damage)
             ... while petrified by a basilisk
             ... on level 1 of the Lair of Beasts.
             The game lasted 00:48:41 (13319 turns).

mdonais the Warrior (Oni Wanderer)                 Turns: 13319, Time: 00:48:42

Health: -1/148     AC:  5    Str: 25    XL:     12   Next: 51%
Magic:  17/17      EV:  1    Int: 16    God:    Makhleb [*****.]
Gold:   839        SH:  0    Dex:  9    Spells: 8/11 levels left

rFire   . . .        Q - +7 dire flail
rCold   . . .        (shield currently unavailable)
rNeg    + + +        H - +0 troll leather armour
rPois   ∞            (helmet restricted)
rElec   .            q - +0 cloak
rCorr   .            (gloves unavailable)
SInv    .            (boots unavailable)
Will    +....        (no amulet)
Stlth   +            o - ring of poison resistance
HPRegen 1.24/turn    I - +6 ring of intelligence
MPRegen 0.15/turn

%: no passive effects
@: petrified
A: large, unfitting armour, horns 1, tough skin 1, double potion healing,
drunken brawling
a: Renounce Religion, Minor Destruction, Lesser Servant of Makhleb, Major
Destruction, Greater Servant of Makhleb


You were on level 1 of the Lair of Beasts.
You worshipped Makhleb.
Makhleb was extremely pleased with you.
You visited 3 branches of the dungeon, and saw 13 of its levels.
You also visited: Bailey.

You collected 839 gold pieces.

Inventory:

Hand Weapons
 D - a +4 morningstar of freezing
   (You took it off a wight on level 8 of the Dungeon)
 N - a +0 orcbow
   (You found it on level 10 of the Dungeon)
 O - a +0 giant spiked club
   (You took it off an ogre on level 6 of the Dungeon)
 Q - a +7 dire flail (weapon)
   (You took it off a wight on level 4 of the Dungeon)
Missiles
 t - 15 boomerangs
 v - 8 javelins
 w - 3 large rocks
 x - 2 silver javelins (quivered)
 C - 24 poisoned darts
 J - 6 atropa-tipped darts
 Z - a throwing net {=!f}
Armour
 q - a +0 cloak (worn)
   (You found it on level 3 of the Dungeon)
 s - a +1 robe of positive energy
   (You took it off Jessica on level 2 of the Dungeon)
 H - a +0 troll leather armour (worn)
   (You found it on level 9 of the Dungeon)
 W - an orb of wrath
   (You found it on level 1 of the Lair of Beasts)
Jewellery
 o - a ring of poison resistance (left hand)
   (You found it on level 2 of the Dungeon)
 u - a ring of flight
   (You found it on level 4 of the Dungeon)
 I - a +6 ring of intelligence (right hand)
   (You found it on level 10 of the Dungeon)
Talismans
 b - a beast talisman
   (You found it on level 1 of the Dungeon)
 f - a flux talisman
   (You found it on level 1 of the Dungeon)
Wands
 g - a wand of warping (8)
   (You took it off Ijyb on level 3 of the Dungeon)
 A - a wand of acid (3)
   (You found it on level 11 of the Dungeon)
 V - a wand of flame (41)
   (You found it on level 7 of the Dungeon)
Scrolls
 a - a scroll of silence
 i - 6 scrolls of enchant weapon
 k - 3 scrolls of enchant armour
 m - a scroll of vulnerability
 n - 4 scrolls of poison
 y - a scroll of noise {unknown}
 z - a scroll of fear {unknown}
 B - 2 scrolls of fog
 F - a scroll of immolation {unknown}
 G - 3 scrolls of revelation
 M - 6 scrolls of summoning
 R - 2 scrolls of identify
 S - a scroll of blinking {unknown}
 T - 8 scrolls of teleportation
Potions
 c - a potion of attraction
 d - a potion of berserk rage {unknown}
 e - 4 potions of haste {unknown}
 h - a potion of enlightenment
 j - a potion of curing {unknown}
 l - 3 potions of brilliance {unknown}
 p - a potion of cancellation {unknown}
 r - 3 potions of resistance {unknown}
 E - a potion of heal wounds
 K - 2 potions of mutation {unknown}
 L - 2 potions of magic {unknown}
 P - a potion of might {unknown}
Miscellaneous
 U - a box of beasts
   (You found it on level 11 of the Dungeon)
 X - a box of beasts


   Skills:
 - Level 17.0 Fighting
 - Level 4.5(9.5) Axes
 + Level 12.9(13.2) Maces & Flails
 - Level 2.0 Throwing
 - Level 2.0 Armour
 - Level 3.0 Dodging
 - Level 1.0 Stealth
 - Level 7.0 Invocations
 - Level 3.0 Evocations


You had 8 spell levels left.
You knew the following spells:

 Your Spells              Type           Power      Damage    Failure   Level
a - Blink                 Tloc           0%         N/A       38%         2
b - Summon Small Mammal   Summ           0%         N/A       28%         1

Your spell library contained the following spells:

 Spells                   Type           Power      Damage    Failure   Level
 Necrotise                Necr           0%         1d4       28%         1
 Lesser Beckoning         Tloc           0%         N/A       38%         2
 Momentum Strike          Conj/Tloc      0%         3d8       38%         2
 Call Canine Familiar     Summ           0%         N/A       63%         3
 Vampiric Draining        Necr           0%         2d6       63%         3
 Martyr's Knell           Necr/Summ      0%         N/A       95%         4
 Summon Blazeheart Golem  Fire/Summ      0%         N/A       95%         4
 Curse of Agony           Necr           0%         N/A       100%        5


Dungeon Overview and Level Annotations

Branches:
Dungeon (11/15) Zot: 25934  Temple (1/1) D:5 Zot: 5998    Lair (1/5) D:10 Zot: 5568
    Orc (0/2) D:9          Bailey (visited)

Altars:
Ashenzari
Cheibriados
Dithmenos
Elyvilon
Fedhas
Gozag
Hepliaklqana
Kikubaaqudgha
Makhleb
Nemelex Xobeh
Okawaru
Qazlal
Ru
Sif Muna
Trog
Uskayaw
Vehumet
Wu Jian
Xom
Yredelemnul
Zin
The Shining One

Shops:
D:5 (   D:7 (

Annotations:
D:5 3 runed translucent doors, ShangFenghuang's ghost, amateur MDFE
D:8 2 transporters, IdlyInterested's ghost, novice DsFi
D:9 exclusion: obsidian statue


Innate Abilities, Weirdness & Mutations

You are too large for most types of armour.
You have a pair of small horns on your head.
You have tough skin. (AC +1)
You gain doubled healing and magic from potions.
Whenever you drink a healing potion, you attack all around you.


Message History

You hit the fire bat. Your headbutt misses the fire bat.
The fire bat is moderately wounded.
The fire bat bites you.
You are engulfed in flames.
You take 10 damage, and have 138/148 hp.
The fire bat bites you but does no damage.
You bludgeon the fire bat!!
You kill the fire bat!
Makhleb accepts your kill.
You feel better.
You regained 5 hp, and now have 144/148 hp.
No target in view! 2 fire bats come into view.
The fire bat moves out of view. x2
You regained 2 hp, and now have 147/148 hp.
Health restored: 148 The fire bat closely misses you.
The fire bat bites you but does no damage.
You puncture the fire bat! Your headbutt misses the fire bat.
The fire bat is heavily wounded.
The fire bat bites you but does no damage.
You barely miss the fire bat.
The fire bat is heavily wounded.
The fire bat barely misses you.
The fire bat bites you but does no damage.
The fire bat bites you.
You are engulfed in flames.
You take 6 damage, and have 142/148 hp.
You sock the fire bat!
The fire bat is almost dead.
The fire bat bites you.
You are engulfed in flames!
The fire bat bites you.
You are engulfed in flames.
You take 23 damage, and have 119/148 hp.
You closely miss the fire bat.
The fire bat is almost dead.
The fire bat bites you.
You are engulfed in flames.
You take 6 damage, and have 113/148 hp.
You regained 2 hp, and now have 115/148 hp.
The fire bat bites you.
You are engulfed in flames.
You take 6 damage, and have 109/148 hp.
You hit the fire bat.
You kill the fire bat!
Makhleb accepts your kill.
You feel better.
Your box of beasts has recharged.
You regained 5 hp, and now have 115/148 hp.
You enter the shallow water.
You enter the shallow water.
Found a pair of runed gloves.
Health restored: 148 You see here a +0 pair of gloves of stealth.
You now have 839 gold pieces (gained 17).
A basilisk comes into view.
The basilisk hisses angrily.
The basilisk gazes at you.
You are slowing down.
Your limbs are stiffening.
You hit the basilisk. You headbutt the basilisk.
The basilisk is lightly wounded.
The basilisk barely misses you.
A blink frog comes into view.
You have turned to stone.
The basilisk bites you.
The blink frog gives a loud, deep croak!
You hear a croak.
You hear a loud, deep croak!
You hear an angry hiss.
A blink frog comes into view.
The blink frog blinks!
The basilisk gazes at you. The basilisk bites you!
A blink frog comes into view.
The basilisk gazes at you.
You easily resist.
The basilisk bites you.
The blink frog blinks!
The basilisk bites you! The blink frog hits you! The basilisk bites you!
The blink frog hits you but does no damage.
A blink frog comes into view.
The blink frog hits you but does no damage.
The basilisk bites you.
You turn to flesh and can move again.
You take 22 damage, and have 126/148 hp.
Unknown command.
The blink frog croaks.
You impale the basilisk!!
The basilisk is heavily wounded.
The blink frog barely misses you.
You barely miss the basilisk.
The basilisk is heavily wounded.
The basilisk gazes at you.
You easily resist.
The blink frog blinks!
The blink frog hits you but does no damage.
You closely miss the basilisk.
The basilisk is heavily wounded.
The blink frog hits you! x2; The blink frog blinks!
The basilisk gazes at you.
You are slowing down.
You take 31 damage, and have 96/148 hp.
MASSIVE DAMAGE!!
You barely miss the basilisk.
The blink frog croaks.
Your headbutt misses the basilisk.
The basilisk is heavily wounded.
The blink frog hits you. The basilisk bites you!
Your limbs are stiffening.
You take 9 damage, and have 87/148 hp.
You sock the basilisk!
You headbutt the basilisk, but do no damage.
The basilisk is almost dead.
A blink frog comes into view.
The blink frog hits you but does no damage.
The blink frog blinks!
The basilisk bites you.
You take 2 damage, and have 85/148 hp.
You completely miss the basilisk.
The basilisk is almost dead.
The blink frog hits you.
The blink frog blinks!
A komodo dragon comes into view.
The blink frog blinks!
You have turned to stone.
The basilisk gazes at you.
You easily resist.
The blink frog hits you.
The blink frog blinks!
The blink frog hits you!
The blink frog blinks!
The basilisk bites you!
The blink frog blinks!
The blink frog blinks! x2; The basilisk bites you.
The blink frog hits you! The blink frog hits you. The basilisk bites you!
The blink frog barely misses you.
The blink frog blinks!
The blink frog hits you! The blink frog completely misses you.
The blink frog hits you!! The blink frog hits you.
The blink frog blinks!
The basilisk gazes at you.
You easily resist.
The blink frog hits you!
* * * LOW HITPOINT WARNING * * *
The blink frog hits you.
* * * LOW HITPOINT WARNING * * *
The basilisk bites you.
* * * LOW HITPOINT WARNING * * *
The blink frog hits you but does no damage.
The blink frog hits you!
* * * LOW HITPOINT WARNING * * *
The blink frog hits you!
* * * LOW HITPOINT WARNING * * *
The blink frog blinks!
The blink frog hits you!
* * * LOW HITPOINT WARNING * * *
The blink frog hits you.
* * * LOW HITPOINT WARNING * * *
The blink frog blinks!
The blink frog hits you.
* * * LOW HITPOINT WARNING * * *
The basilisk gazes at you.
You easily resist.
The blink frog hits you!
* * * LOW HITPOINT WARNING * * *
The blink frog blinks!
The blink frog hits you!
* * * LOW HITPOINT WARNING * * *
The blink frog hits you!
* * * LOW HITPOINT WARNING * * *
The blink frog hits you!
You die...

###### ....P##
#..# ......#
...## P#..#.#
#... P##...#
#F.# ~P..#.#
#..## ~P.##.#
#...## ~P.##[#
##.F#F###...
~~P...#
#.§.@l......
~....##
#.###F#.####
...### #..# ##
..## #.## ###
#.# .#####
####.#
#.##.#####....#
..........^...#
.........[....#


You could see a basilisk and 4 blink frogs.

Vanquished Creatures
  A hydra (Lair:1)
  2 boulder beetles (D:11)
  2 two-headed ogres (D:9)
  An orc knight (Bailey)
  A cyclops (D:11)
  4 elephants
  4 cane toads (Lair:1)
  3 trolls
  A hornet (D:9)
  Grinder (D:3)
  2 shadows
  A vampire (D:10)
  3 wyverns
  6 yaks (D:10)
  2 fire bats (Lair:1)
  A steam dragon (Lair:1)
  2 basilisks (D:10)
  4 vampire mosquitoes (D:11)
  Menkaure (D:6)
  9 water moccasins
  An ice beast (D:6)
  7 orc warriors
  4 sky beasts
  2 black bears
  2 ogres
  A centaur (D:8)
  2 phantoms
  3 kobold brigands
  3 bullfrogs
  A gnoll sergeant (D:8)
  3 scorpions
  10 wights
  12 killer bees
  4 electric eels
  7 howler monkeys
  5 hounds
  A gnoll bouda (D:7)
  3 orc priests
  Crazy Yiuf (D:4)
  3 iguanas
  2 sleepcaps
  Ijyb (D:3)
  Natasha (thrice) (D:3)
  4 orc wizards
  7 gnolls
  3 adders
  3 shadow imps
  2 white imps
  2 ufetubi (D:7)
  5 dart slugs
  2 ribbon worms
  40 orcs
  6 ball pythons
  5 bats
  7 endoplasms
  2 giant cockroaches
  6 goblins
  5 hobgoblins
  3 jackals (D:4)
  13 kobolds
  3 quokkas
  3 training dummies (D:5)
  2 frilled lizards (D:1)
  6 rats
261 creatures vanquished.

Vanquished Creatures (collateral kills)
  An orc knight (Bailey)
  A troll (D:11)
  4 yaks (D:10)
  3 water moccasins (D:10)
  2 orc warriors (Bailey)
  3 wights
  Jessica (D:2)
  3 orcs (Bailey)
18 creatures vanquished.

Vanquished Creatures (others)
  A gnoll (D:8)
1 creature vanquished.

Grand Total: 280 creatures vanquished

Notes
Turn   | Place    | Note
-------+----------+-------------------------------------------
     0 | D:1      | mdonais the Oni Wanderer began the quest for the Orb.
     0 | D:1      | mdonais set off with the following items: a +1 hand axe, a
                  | potion of attraction, a +0 robe, a box of beasts.
     0 | D:1      | Reached XP level 1. HP: 27/27 MP: 1/1
    83 | D:1      | Reached XP level 2. HP: 27/35 MP: 2/2
   350 | D:1      | Found a faded altar of an unknown god.
   359 | D:1      | Prayed at the altar of an unknown god.
   359 | D:1      | Became a worshipper of Makhleb the Destroyer
   359 | D:1      | Reached * piety under Makhleb
   437 | D:1      | Reached XP level 3. HP: 41/44 MP: 3/3
   440 | D:1      | Reached skill level 6 in Fighting
   739 | D:2      | Noticed Jessica
   751 | D:2      | Killed Jessica
   876 | D:2      | Reached XP level 4. HP: 52/53 MP: 4/4
  1672 | D:3      | Noticed Natasha
  1681 | D:3      | Killed Natasha
  1682 | D:3      | Reached skill level 7 in Fighting
  1682 | D:3      | Reached XP level 5. HP: 36/62 MP: 5/5
  1684 | D:3      | Reached ** piety under Makhleb
  1858 | D:3      | Noticed Natasha
  1868 | D:3      | Killed Natasha
  2011 | D:3      | Found a shimmering altar of Xom.
  2344 | D:3      | Noticed Natasha
  2353 | D:3      | Killed Natasha
  2354 | D:3      | Reached skill level 8 in Fighting
  2456 | D:3      | Noticed Ijyb
  2495 | D:3      | Killed Ijyb
  2592 | D:3      | Noticed Grinder
  2607 | D:3      | Killed Grinder
  2608 | D:3      | Reached skill level 1 in Invocations
  2608 | D:3      | Reached XP level 6. HP: 50/74 MP: 5/7
  2932 | D:4      | Reached XP level 7. HP: 74/81 MP: 8/8
  2940 | D:4      | Upgraded the game from 0.32-a0-643-ga006e7742e to
                  | 0.32-a0-656-g3542139ebd
  3568 | D:4      | Found a runed translucent door.
  3569 | D:4      | Noticed Crazy Yiuf
  3587 | D:4      | Killed Crazy Yiuf
  3935 | D:4      | Reached skill level 1 in Maces & Flails
  4101 | D:4      | Reached skill level 9 in Fighting
  4221 | D:5      | Entered Level 5 of the Dungeon
  4447 | D:5      | Found a staircase to the Ecumenical Temple.
  4457 | Temple   | Entered the Ecumenical Temple
  4732 | D:5      | Reached XP level 8. HP: 92/92 MP: 10/10
  4788 | D:5      | Found Araenien's Firing Range.
  4999 | D:5      | Noticed ShangFenghuang's ghost (amateur MDFE)
  5015 | D:5      | Found a runed translucent gate.
  5017 | D:5      | Found a runed translucent gate.
  5035 | D:5      | Found a runed translucent gate.
  5186 | D:5      | Reached skill level 1 in Throwing
  5943 | D:6      | Reached skill level 10 in Fighting
  5943 | D:6      | Reached skill level 5 in Maces & Flails
  6208 | D:6      | Reached XP level 9. HP: 102/102 MP: 12/12
  6237 | D:6      | Noticed Menkaure
  6244 | D:6      | Killed Menkaure
  6245 | D:6      | Reached skill level 5 in Invocations
  6832 | D:6      | Reached skill level 11 in Fighting
  6912 | D:7      | Reached *** piety under Makhleb
  7336 | D:7      | Found Tunt's Weapon Shop.
  7371 | D:7      | Reached skill level 12 in Fighting
  8533 | D:8      | Found a transporter.
  8538 | D:8      | Noticed IdlyInterested's ghost (novice DsFi)
  8624 | D:8      | Reached XP level 10. HP: 115/115 MP: 14/14
  8992 | D:8      | Found a transporter.
  9410 | D:9      | Reached **** piety under Makhleb
  9480 | D:9      | Noticed a two-headed ogre
  9488 | D:9      | Killed a two-headed ogre
  9489 | D:9      | Reached skill level 13 in Fighting
  9595 | D:9      | Noticed a two-headed ogre
  9606 | D:9      | Killed a two-headed ogre
  9919 | D:9      | Found a staircase to the Orcish Mines.
 10117 | D:9      | Noticed an obsidian statue
 10119 | D:9      | Noticed an orange demon
 10252 | D:10     | Entered Level 10 of the Dungeon
 10268 | D:10     | Reached skill level 14 in Fighting
 10288 | D:10     | Learned a level 2 spell: Blink
 10295 | D:10     | Noticed an elephant
 10406 | D:10     | Found a flagged portal.
 10416 | Bailey   | Entered a bailey
 10421 | Bailey   | Learned a level 1 spell: Summon Small Mammal
 10455 | Bailey   | Reached XP level 11. HP: 131/131 MP: 15/15
 10613 | Bailey   | Noticed an orc knight
 10622 | Bailey   | Killed an orc knight
 10636 | Bailey   | Noticed an orc knight
 10645 | Bailey   | Killed an orc knight
 10835 | D:10     | Reached skill level 10 in Maces & Flails
 10876 | D:10     | Found a staircase to the Lair.
 10899 | D:10     | Reached skill level 15 in Fighting
 11080 | D:10     | Reached ***** piety under Makhleb
 11890 | D:11     | Noticed a cyclops
 11899 | D:11     | Killed a cyclops
 12087 | D:11     | Noticed a boulder beetle
 12106 | D:11     | Killed a boulder beetle
 12107 | D:11     | Reached skill level 16 in Fighting
 12232 | D:11     | Noticed a boulder beetle
 12247 | D:11     | Killed a boulder beetle
 12633 | Lair:1   | Entered Level 1 of the Lair of Beasts
 12665 | D:10     | Reached skill level 1 in Armour
 12666 | D:10     | Reached XP level 12. HP: 49/144 MP: 17/17
 12925 | Lair:1   | Noticed a six-headed hydra
 12941 | Lair:1   | Killed a six-headed hydra
 13068 | D:10     | Reached skill level 17 in Fighting
 13318 | Lair:1   | HP: 2/148 [blink frog (6)]
 13319 | Lair:1   | Slain by a blink frog

Illustrated notes

Levels and vault maps discovered:
D:1:      minmay_arrival_doors, layout_rooms,
          shapermc_ecumenical_altar_mp_highgroup, chequers_jeans,
          grunt_decor_arrowhead, minmay_cupped
D:2:      layout_loops_ring, guppyfry_early_lair_pool, uniq_jessica
D:3:      layout_basic, mainiacjoe_overflow_surrounded_room,
          serial_bayou_pond_b, nicolae_titane, uniq_grinder, uniq_natasha,
          uniq_ijyb
D:4:      nicolae_cairo_tiling, layout_basic, serial_co_window_serial,
          co_window_paths_a, co_window_paths_b, co_window_corner_a,
          co_window_of_opportunity_a, co_window_paths_a,
          co_window_of_opportunity_a, co_window_paths_a, co_window_broadway_b,
          co_window_2corner, co_window_unsneaky_path_a, glass_columns_a,
          glass_columns_b, glass_columns_a, glass_columns_b,
          uniq_crazy_yiuf_cottage
D:5:      minmay_general_purpose_star, layout_layer_cave,
          minmay_temple_entry_ruins, gammafunk_ghost_split,
          nicolae_shop_firing_range
D:6:      layout_gridville, uniq_menkaure
D:7:      layout_cave_pools, serial_shops, shop, serial_bayou_lake_a
D:8:      layout_basic, gammafunk_ghost_stat_death
D:9:      minmay_statue_hallways, layout_irregular_city, orc_0_dummy
D:10:     layout_basic, david_lair_generic, enter_bailey_8,
          corexii_leaking_fountain
D:11:     layout_roguey
Temple:   grunt_wide_crystal_templ
Lair:1:   layout_gridlike, serial_bayou, serial_bayou_pond_b,
          serial_bayou_pond_b, serial_bayou_pond_c, serial_bayou_pond_a,
          beast_lair_carwin_5

Skill      XL: |  1  2  3  4  5  6  7  8  9 10 11 12 |
---------------+-------------------------------------+-----
Axes           | 2 3 4 |  4.5
Fighting       | 6 7 8 9 10 12 14 16 17 | 17.0
Invocations    | 1 2 3 4 5 6 7 |  7.0
Maces & Flails | 3 5 7 9 11 12 | 12.9
Throwing       | 2 |  2.0
Dodging        | 2 3 |  3.0
Evocations     | 3 |  3.0
Armour         | 1 2 |  2.0
Stealth        | |  1.0

Action                     |  1- 3 |  4- 6 |  7- 9 | 10-12 || total
---------------------------+-------+-------+-------+-------++-------
  Melee: Hand axe          |    64 |   111 |    19 |       ||   194
         Headbutt          |    11 |    22 |    36 |    72 ||   141
         Dagger            |       |    11 |       |       ||    11
         Dire flail        |       |       |   235 |   387 ||   622
         Mace              |       |       |    11 |       ||    11
  Throw: Dart              |       |       |    12 |    23 ||    35
         Javelin           |       |       |       |    15 ||    15
         Boomerang         |       |       |       |     5 ||     5
 Invoke: Lesser Servant of |       |       |       |     3 ||     3
  Evoke: Box of beasts     |     1 |       |     1 |     3 ||     5
         Wand              |       |     1 |     1 |     5 ||     7
    Use: Potion            |       |     2 |       |     1 ||     3
         Scroll            |       |     1 |     6 |     4 ||    11
   Stab: Distracted        |     1 |       |       |     1 ||     2
         Sleeping          |       |     1 |       |       ||     1
         Invisible         |       |       |       |     1 ||     1
 Armour: Robe              |    44 |    87 |   247 |    20 ||   398
         Troll leather arm |       |       |       |   330 ||   330
  Dodge: Dodged            |    35 |    52 |   147 |   198 ||   432

Table legend: (Time is in decaauts)
 A = Elapsed time spent in this place.
 B = Non-inter-level travel time spent in this place.
 C = Inter-level travel time spent in this place.
 D = Time resting spent in this place.
 E = Time spent auto-exploring this place.
 F = Levels seen in this place.
 G = Mean time per level.
                   A        B        C        D        E       F      G
               +--------+--------+--------+--------+--------+-----+--------+
         Total |  13283 |  12700 |    583 |    852 |   9182 |  14 |  948.8 |
       Dungeon |  12528 |  11946 |    582 |    795 |   8921 |  11 | 1138.9 |
        Temple |      1 |      1 |      0 |      0 |      0 |   1 |    1.0 |
          Lair |    430 |    430 |      0 |     57 |    186 |   1 |  430.0 |
        Bailey |    323 |    323 |      0 |      0 |     75 |   1 |  323.0 |
               +--------+--------+--------+--------+--------+-----+--------+

Top non-repeatable levels by time:
     D:6: 1502 daAuts
     D:5: 1385 daAuts
     D:4: 1351 daAuts
    D:10: 1351 daAuts
     D:3: 1293 daAuts
     D:7: 1289 daAuts
     D:9: 1003 daAuts
     D:8: 914 daAuts
     D:2: 889 daAuts
    D:11: 815 daAuts
     D:1: 731 daAuts
  Lair:1: 430 daAuts
  Bailey: 323 daAuts
  Temple: 1 daAuts
